 Dungeon Crawl Stone Soup version 0.29-a0-222-g5b244fca1f (webtiles) character file.

Game seed: 13053518160076331380

49 PaleWalker the Skirmisher (level 3, -5/24 HPs)
             Began as a Gargoyle Fighter on Feb 27, 2022.
             Slain by a gnoll
             ... wielding a +2 whip of distortion
              (7 damage)
             ... on level 2 of the Dungeon.
             The game lasted 00:04:46 (1226 turns).

PaleWalker the Skirmisher (Gargoyle Fighter)        Turns: 1226, Time: 00:04:46

Health: -5/24      AC: 12    Str: 21    XL:     3   Next: 77%
Magic:  3/3        EV:  9    Int:  8    God:
Gold:   36         SH:  4    Dex:  9    Spells: 2/2 levels left

rFire   . . .      SeeInvis .   a - +0 flail
rCold   . . .      Faith    .   c - +0 buckler
rNeg    + . .      Spirit   .   b - +0 scale mail
rPois   ∞          Reflect  .   (no helmet)
rElec   +          Harm     .   (no cloak)
rCorr   .          Rampage  .   (no gloves)
Will    .....                   f - +1 pair of boots
Stlth   ..........              (no amulet)
HPRegen 0.08/turn               (no ring)
MPRegen 0.08/turn               (no ring)

@: mighty
A: sickness immunity, AC +3, negative energy resistance 1, electricity
resistance, torment resistance 1, petrification resistance
a: no special abilities


You were on level 2 of the Dungeon.
You visited 1 branch of the dungeon, and saw 2 of its levels.

You collected 36 gold pieces.

Inventory:

Hand Weapons
 a - a +0 flail (weapon)
Armour
 b - a +0 scale mail (worn)
 c - a +0 buckler (worn)
 f - a +1 pair of boots (worn)
Scrolls
 g - a scroll of enchant weapon {unknown}
 i - a scroll of teleportation {unknown}
Potions
 e - a potion of attraction {unknown}
 h - a potion of heal wounds {unknown}
 j - a potion of curing {unknown}


   Skills:
 + Level 4.2 Fighting
 + Level 3.1 Maces & Flails
 - Level 3.2 Armour
 - Level 3.2 Shields


You had 2 spell levels left.
You didn't know any spells.
Your spell library contained the following spells:

 Spells                   Type           Power      Damage    Failure   Level
 Sandblast                Erth           0%         2d4       83%         1
 Passwall                 Tmut/Erth      0%         N/A       93%         2
 Gell's Gravitas          Tloc           0%         N/A       99%         3
 Lesser Beckoning         Tloc           0%         N/A       99%         3
 Stone Arrow              Conj/Erth      0%         3d7       99%         3
 Teleport Other           Tloc           0%         N/A       99%         3


Dungeon Overview and Level Annotations

Branches:
Dungeon (2/15)

Altars:

Shops:
D:1 ?


Innate Abilities, Weirdness & Mutations

You are immune to sickness and miasma.
Your stone body is resilient. (AC +3)
You are immune to poison.
You resist negative energy. (rN+)
You are resistant to electric shocks. (rElec)
You are resistant to unholy torment.
You are immune to petrification.


Message History

You kill the goblin!
You closely miss the hobgoblin. The hobgoblin barely misses you.
You hit the hobgoblin but do no damage. You block the hobgoblin's attack.
You sock the hobgoblin!
You kill the hobgoblin!
No target in view!
No target in view!
Found a stone staircase leading down.
Things that are here:
a +0 dagger; a goblin corpse You pick up a book of Geomancy and begin reading...
You add the spells Sandblast, Passwall and Stone Arrow to your library.
Okay, then.
Okay, then.
Found a stone staircase leading up.
You pick up a book of Displacement and begin reading...
You add the spells Lesser Beckoning, Gell's Gravitas and Teleport Other to your library.
i - a scroll labelled EXIAF TAKLU
There is a stone staircase leading down here.
You open the door.
Found an escape hatch in the floor.
j - a viscous purple potion A gnoll comes into view.
It is wielding a +0 flail of holy wrath.
The gnoll shouts!
An endoplasm comes into view.
A gnoll comes into view. It is wielding a +2 whip of distortion.
The gnoll shouts!
A gnoll comes into view. It is wielding a +0 flail.
You feel very mighty all of a sudden.
You bludgeon the gnoll!!
You kill the gnoll!
You hit the gnoll.
The gnoll is heavily wounded.
The gnoll hits you with a +2 whip of distortion.
Space warps horribly around you!!
Ouch! That really hurt!
* * * LOW HITPOINT WARNING * * *
You are mighty.
Your movement speed is average.
Your attack delay is about 1.2.
The gnoll hits you with a +2 whip of distortion!
You die...

#### ...##############
................#
...############.#######.
....... ................
.###### #######.........
.# #......... .#
#.@....... ## #.g...>...
##g######. #..# ##J##
#..# ##.# #)# #..#


You could see 2 gnolls and an endoplasm.

Vanquished Creatures
  A gnoll (D:2)
  3 dart slugs (D:1)
  3 bats
  5 endoplasms (D:1)
  3 giant cockroaches (D:1)
  4 goblins
  3 hobgoblins
  2 kobolds (D:1)
  3 ball pythons (D:1)
  A frilled lizard (D:1)
  4 rats (D:1)
32 creatures vanquished.

Notes
Turn   | Place    | Note
-------+----------+-------------------------------------------
     0 | D:1      | PaleWalker the Gargoyle Fighter began the quest for the
                  | Orb.
     0 | D:1      | Reached XP level 1. HP: 14/14 MP: 1/1
    91 | D:1      | Reached XP level 2. HP: 12/19 MP: 2/2
   526 | D:1      | Found a faded altar of an unknown god.
   551 | D:1      | Reached XP level 3. HP: 22/24 MP: 3/3
   554 | D:1      | Reached skill level 4 in Fighting
   964 | D:1      | Found Gorod's Magic Scroll Shoppe.
  1220 | D:2      | HP: 1/24 [gnoll/+2 whip of distortion (21)]
  1226 | D:2      | Slain by a gnoll

Illustrated notes

Levels and vault maps discovered:
D:1:      mrwooster_arrival_statue, layout_basic, serial_shops,
          nicolae_lakefront_shop, chequers_ecumenical_altar_island
D:2:      layout_basic, uniq_crazy_yiuf_cottage

Skill      XL: |  1  2  3 |
---------------+----------+-----
Fighting       | 4 |  4.2
Maces & Flails | 3 |  3.1
Armour         | |  3.2
Shields        | |  3.2

Action                   || total
-------------------------++-------
Melee: Flail             ||    90
  Use: Potion            ||     1
Armor: Scale mail        ||    43
Dodge: Dodged            ||    50
Block: Buckler           ||    22

Table legend: (Time is in decaauts)
 A = Elapsed time spent in this place.
 B = Non-inter-level travel time spent in this place.
 C = Inter-level travel time spent in this place.
 D = Time resting spent in this place.
 E = Time spent auto-exploring this place.
 F = Levels seen in this place.
 G = Mean time per level.
                   A        B        C        D        E       F      G
               +--------+--------+--------+--------+--------+-----+--------+
         Total |   1257 |   1238 |     19 |      0 |    967 |   2 |  628.5 |
       Dungeon |   1257 |   1238 |     19 |      0 |    967 |   2 |  628.5 |
               +--------+--------+--------+--------+--------+-----+--------+

Top non-repeatable levels by time:
     D:1: 1110 daAuts
     D:2: 147 daAuts
